 Dungeon Crawl Stone Soup version 0.18-b1-22-ge198996 (webtiles) character file.

61 Tarnath the Sneak (level 3, 0/16 HPs)
             Began as a Spriggan Enchanter on May 4, 2016.
             Slain by Robin
             ... wielding a +0 club
              (4 damage)
             ... on level 2 of the Dungeon.
             The game lasted 00:06:27 (1611 turns).

Tarnath the Sneak (Spriggan Enchanter)              Turns: 1611, Time: 00:06:27

Health: 0/16       AC:  4    Str:  4    XL:     3   Next: 83%
Magic:  3/8        EV: 18    Int: 16    God:
Gold:   42         SH:  0    Dex: 17    Spells: 3 memorised, 1 level left

rFire  . . .     SeeInvis +     a - +1 dagger
rCold  . . .     Gourm    .     b - +1 robe
rNeg   . . .     Faith    .     (shield restricted)
rPois  .         Spirit   .     (helmet restricted)
rElec  .         Dismiss  .     g - +0 cloak
rCorr  .         Reflect  .     (gloves unavailable)
SustAt .         Harm     .     (boots unavailable)
MR     .....                    l - amulet of magic regeneration
Stlth  ++++......               (no ring)
                                (no ring)

@: very quick, not resistant to hostile enchantments, stealthy
A: unfitting armour, see invisible, herbivore 3, speed 3, slow metabolism 2
a: no special abilities


You were on level 2 of the Dungeon.
You were not hungry.

You visited 1 branch of the dungeon, and saw 2 of its levels.

You collected 42 gold pieces.

Inventory:

Hand Weapons
 a - a +1 dagger (weapon)
Armour
 b - a +1 robe (worn)
 g - a +0 cloak (worn)
Jewellery
 l - an amulet of magic regeneration (around neck)
Scrolls
 f - 3 scrolls of identify {unknown}
 i - 2 scrolls of teleportation {unknown}
 j - a scroll of amnesia {unknown}
 k - 2 scrolls of remove curse
Potions
 e - a potion of heal wounds {unknown}
 h - a potion of agility {unknown}
 m - a potion of flight {unknown}
Books
 c - a book of Maledictions

   Spells                             Type                      Level
   a - Corona                         Hexes                        1
   b - Ensorcelled Hibernation        Hexes/Ice                    2
   c - Confuse                        Hexes                        3
   d - Tukima's Dance                 Hexes                        3
   e - Dazzling Spray                 Conjuration/Hexes            3
Comestibles
 d - a bread ration


   Skills:
 * Level 2.6 Short Blades
 - Level 3.0 Dodging
 * Level 5.6 Stealth
 - Level 2.6 Spellcasting
 + Level 4.2 Hexes


You had one spell level left.
You knew the following spells:

 Your Spells              Type           Power        Failure   Level  Hunger
a - Corona                Hex            ###....      4%          1    #......
d - Confuse               Hex            ###.....     12%         3    ###....
s - Ensorcelled Hibernat  Hex/Ice        #.....       14%         2    ##.....


Dungeon Overview and Level Annotations

Branches:
Dungeon (2/15)

Altars:

Annotations:
D:2 Robin


Innate Abilities, Weirdness & Mutations

You are tiny and cannot use many weapons and most armour.
You have supernaturally acute eyesight.
You are a herbivore.
You cover ground extremely quickly.
You need consume almost no food.


Message History

You hit Robin.
Robin is severely wounded.
Robin says, "Bow before me, strongest of all the hobgoblins!"
Robin closely misses you.
You hit Robin.
Robin is severely wounded.
Robin barely misses you.
You hit Robin but do no damage.
Robin is severely wounded.
Robin is no longer unusually resistant.
Robin hits you but does no damage.
You hit Robin.
Robin is severely wounded.
You barely miss Robin.
Robin is severely wounded.
Robin flexes a bicep menacingly.
Robin barely misses you.
You hit Robin but do no damage.
Robin is severely wounded.
Robin hits you with a club.
You die...

#.......g#.#..
#..####..g....## ...#
#.....g....## ####
##..........##
#.............
#.#.........#† #####
##)######......
#...###).# ####......
#...@g).## #.........
#...########.##>.....
#............##......
#...###########...>..
#...# ####### #...#
#####


You could see Robin.

Vanquished Creatures
  An adder (D:2)
  An ooze (D:2)
  2 dart slugs (D:1)
  4 bats (D:1)
  3 giant cockroaches
  6 hobgoblins
  A ball python (D:1)
  A giant newt (D:1)
  14 goblins
  3 kobolds
  5 rats (D:1)
41 creatures vanquished.

Notes
Turn   | Place    | Note
--------------------------------------------------------------
     0 | D:1      | Tarnath the Spriggan Enchanter began the quest for the Orb.
     0 | D:1      | Reached XP level 1. HP: 9/9 MP: 5/5
   348 | D:1      | Reached XP level 2. HP: 13/13 MP: 6/6
   382 | D:1      | Learned a level 2 spell: Ensorcelled Hibernation
   814 | D:2      | Reached skill level 5 in Stealth
   843 | D:2      | Reached XP level 3. HP: 7/16 MP: 2/8
  1115 | D:2      | Noticed Robin
  1344 | D:1      | Learned a level 3 spell: Confuse
  1611 | D:2      | Slain by Robin

Skill      XL: |  1  2 |
---------------+-------+-----
Short Blades   | 2 |  2.6
Stealth        | 5 |  5.6
Hexes          | 4 |  4.2
Dodging        | |  3.0
Spellcasting   | |  2.6

Action                   || total
-------------------------++-------
Melee: Dagger            ||   191
 Cast: Ensorcelled Hiber ||    12
       Corona            ||     8
       Confuse           ||     1
  Use: Scroll            ||     1
 Stab: Sleeping          ||    13
Armor: Robe              ||    27
Dodge: Dodged            ||   132
